Map: Écho EC

Players

AgCl - Winner!

  • Race: Protoss Protoss
  • League: Grandmaster

Art

  • Race: Terran Terran
  • League: Grandmaster

VOD

Have the link to the VOD?

Description

Time

  • Played on: June 11, 2015, 7:07 p.m.
  • Length: 17:13
Show
View Real Time Build Order
Export as new Build Order

AgCl Protoss - Winner!

Build Orders: Oracle Opening 

Get SALT Encoding   

  12  0:20  Pylon  
  12  0:36  Probe, Assimilator  
  13  0:44  Gateway  
  13  0:48  Probe  
  14  1:00  Probe (Chrono Boost)  
  15  1:12  Probe (Chrono Boost)  
  15  1:16  Pylon  
  16  1:20  Probe (Chrono Boost)  
  17  1:29  Probe  
  17  1:30  Zealot (Chrono Boost)  
  20  1:37  Cybernetics Core  
  20  1:41  Probe  
  21  1:53  Probe (Chrono Boost)  
  22  1:59  Assimilator  
  22  2:04  Probe (Chrono Boost)  
  22  2:10  Probe  
  23  2:21  Stargate  
  23  2:23  Probe, Adept (Chrono Boost)  
  26  2:30  Pylon  
  26  2:35  Probe (Chrono Boost)  
  26  2:47  Mothership Core (Chrono Boost)  
  27  3:06  Probe (Chrono Boost)  
  27  3:10  Oracle  
  31  3:18  Probe (Chrono Boost)  
  32  3:24  Forge  
  32  3:26  Probe (Chrono Boost)  
  33  3:35  Probe  
  34  3:45  Warp Gate  
  34  3:58  Nexus  
  34  3:59  Probe  
  35  4:15  Photon Cannon  
  35  4:17  Probe  
  36  4:31  Probe (Chrono Boost)  
  34  4:34  Pylon  
  34  4:39  Fleet Beacon  
  34  4:40  Probe (Chrono Boost)  
  35  4:48  Probe, Pylon  
  36  5:00  Probe (Chrono Boost)  
  37  5:10  Probe (Chrono Boost)  
  37  5:13  Probe (Chrono Boost)  
  39  5:19  Photon Cannon  
  39  5:20  Probe (Chrono Boost), Pylon  
  42  5:29  Tempest (Chrono Boost)  
  38  5:50  Probe  
  38  5:55  Probe  
  40  5:59  Pylon  
  40  6:04  Tempest (Chrono Boost), Protoss Air Weapons Level 1 (Chrono Boost)  
  44  6:09  Probe (Chrono Boost)  
  46  6:14  Probe (Chrono Boost)  
  46  6:18  Photon Cannon  
  48  6:26  Probe x2 (Chrono Boost)  
  48  6:32  Probe (Chrono Boost), Robotics Facility  
  50  6:33  Probe (Chrono Boost)  
  50  6:38  Carrier (Chrono Boost)  
  50  6:40  Adept  
  50  6:43  Probe (Chrono Boost)  
  51  6:57  Probe (Chrono Boost), Assimilator  
  51  6:59  Assimilator  
  51  7:00  Probe (Chrono Boost)  
  55  7:25  Probe (Chrono Boost)  
  56  7:31  Observer  
  56  7:35  Stargate  
  56  7:37  Probe (Chrono Boost)  
  59  7:38  Pylon  
  59  7:41  Probe (Chrono Boost)  
  59  7:42  Gateway  
  59  7:43  Pylon  
  59  7:44  Graviton Catapult  
  59  7:45  Probe (Chrono Boost)  
  60  7:54  Carrier (Chrono Boost)  
  60  7:56  Probe x2  
  62  8:08  Probe x2  
  62  8:10  Pylon  
  64  8:14  Observer  
  71  8:20  Probe x2  
  71  8:21  Nexus  
  71  8:23  Protoss Air Weapons Level 2 (Chrono Boost), Pylon  
  71  8:27  Pylon, Carrier (Chrono Boost)  
  73  8:32  Probe  
  73  8:45  Probe, Nexus  
  80  8:57  Probe  
  81  9:04  Gateway  
  81  9:05  Carrier (Chrono Boost)  
  81  9:06  Gateway  
  82  9:18  Adept  
  85  9:31  Photon Cannon  
  89  9:32  Adept  
  89  9:33  Probe (Chrono Boost)  
  89  9:35  Probe  
  93  9:45  Adept  
  91  9:54  Pylon  
  91  9:57  Adept  
  89  10:00  Probe  
  89  10:01  Probe  
  89  10:02  Pylon  
  83  10:14  Adept x3  
  83  10:23  Protoss Ground Weapons Level 1  
  83  10:26  Assimilator  
  83  10:27  Void Ray x2 (Chrono Boost)  
  83  10:42  Zealot x4, Carrier (Chrono Boost)  
  91  10:49  Probe (Chrono Boost)  
  91  10:50  Probe (Chrono Boost), Carrier (Chrono Boost)  
  89  11:02  Twilight Council  
  95  11:04  Pylon  
  101  11:14  Observer (Chrono Boost)  
  103  11:18  Probe  
  103  11:20  Pylon  
  103  11:26  Adept  
  103  11:32  Pylon  
  107  11:36  Assimilator  
  107  11:38  Protoss Air Weapons Level 3 (Chrono Boost)  
  105  11:45  Charge (Chrono Boost)  
  105  11:47  Nexus, Pylon  
  105  11:54  Carrier (Chrono Boost)  
  105  11:55  Observer  
  105  12:00  Probe  
  105  12:01  Probe  
  108  12:11  Photon Cannon  
  108  12:12  Probe  
  108  12:13  Photon Cannon  
  113  12:26  Probe  
  113  12:28  Carrier (Chrono Boost)  
  112  12:31  Zealot x4  
  114  12:53  Carrier  
  114  13:08  Gateway  
  114  13:10  Pylon  
  114  13:11  Probe (Chrono Boost)  
  116  13:16  Probe (Chrono Boost)  
  122  13:26  Adept x2  
  105  13:56  Adept  
  105  13:57  Adept x3  
  105  14:01  Adept x3  
  105  14:02  Adept  
  111  14:36  Pylon  
  111  14:40  Pylon  
  111  14:41  Pylon  
  104  15:16  Adept x2  
  99  15:28  Pylon  
  99  15:34  Carrier (Chrono Boost)  
  99  15:38  Pylon  
  98  15:50  Nexus  
  98  15:52  Pylon  
  105  16:26  Probe (Chrono Boost)  
  105  16:36  Phoenix (Chrono Boost)  
  105  16:39  Assimilator  
Show
View Real Time Build Order
Export as new Build Order

Art Terran 

Build Orders: Reaper Expand, MMM Bio 

Get SALT Encoding   

  12  0:01  SCV  
  13  0:13  SCV  
  14  0:17  Supply Depot  
  14  0:27  SCV  
  15  0:39  SCV  
  15  0:41  Barracks  
  16  0:46  Refinery  
  16  0:51  SCV  
  17  1:03  SCV  
  18  1:15  SCV  
  19  1:29  Reaper  
  19  1:30  Orbital Command  
  20  1:43  Command Center  
  20  1:50  Supply Depot  
  20  1:56  SCV  
  21  2:10  Marine  
  21  2:14  Factory  
  22  2:18  SCV  
  23  2:28  Marine  
  24  2:30  SCV  
  25  2:43  SCV  
  26  2:46  Marine  
  27  2:55  SCV  
  27  3:00  Starport, Widow Mine  
  30  3:06  Refinery  
  30  3:07  SCV  
  30  3:16  Barracks Reactor, Orbital Command  
  30  3:19  SCV  
  31  3:28  Bunker  
  31  3:30  Widow Mine  
  31  3:31  SCV  
  34  3:43  SCV  
  34  3:44  Supply Depot  
  34  3:47  SCV  
  36  3:50  Medivac  
  36  3:52  Marine x2  
  36  3:55  SCV  
  41  3:58  Engineering Bay  
  41  3:59  SCV, Widow Mine  
  44  4:07  SCV  
  45  4:10  Marine x2  
  45  4:11  SCV  
  48  4:19  SCV  
  48  4:28  Missile Turret, Marine x2  
  48  4:31  SCV  
  48  4:36  Widow Mine, Medivac  
  53  4:44  SCV  
  54  4:55  Supply Depot  
  54  4:57  Supply Depot  
  54  5:01  Barracks x2  
  54  5:04  Marine  
  54  5:07  Terran Infantry Weapons Level 1  
  54  5:08  Starport Reactor  
  54  5:09  Factory Tech Lab  
  54  5:17  SCV, Marine  
  56  5:22  Marine  
  57  5:29  SCV  
  57  5:34  Marine  
  59  5:39  Marine  
  59  5:41  SCV  
  58  5:51  Siege Tank  
  58  5:52  Marine  
  58  5:53  SCV, Barracks Tech Lab  
  58  5:54  Barracks Reactor  
  58  5:55  Medivac  
  64  5:57  Marine  
  64  5:59  Supply Depot  
  64  6:00  Supply Depot  
  65  6:05  SCV  
  65  6:10  Marine  
  61  6:15  Marine  
  61  6:18  Stimpack, Marauder  
  64  6:28  Marine  
  65  6:33  Marine  
  65  6:36  Liberator  
  66  6:57  Orbital Command  
  66  7:08  SCV  
  66  7:09  Marine x2  
  67  7:20  SCV  
  67  7:25  SCV  
  67  7:26  Liberator  
  68  7:33  SCV  
  68  7:34  Marine x2, Marauder  
  75  7:37  SCV  
  76  7:45  SCV  
  76  7:49  SCV  
  78  7:51  Marine  
  78  7:52  Marine  
  78  7:55  Marauder  
  82  8:00  Refinery  
  82  8:01  SCV, Refinery  
  82  8:05  Supply Depot x2  
  83  8:09  Marine  
  83  8:10  Liberator x2  
  84  8:14  SCV  
  84  8:15  Command Center  
  85  8:26  SCV  
  88  8:27  Marauder  
  88  8:28  Marine x2  
  88  8:29  Marine x2  
  96  8:38  SCV  
  95  8:44  SCV  
  95  8:46  Marine x2  
  95  8:47  Marine x2  
  94  8:48  Marauder  
  94  8:50  SCV  
  95  8:55  Armory  
  95  8:56  SCV  
  95  8:58  Supply Depot  
  95  9:02  SCV  
  97  9:04  Marine x3  
  97  9:05  Supply Depot, Terran Infantry Armor Level 1  
  97  9:08  SCV  
  101  9:14  SCV  
  101  9:15  Missile Turret  
  102  9:17  Missile Turret  
  102  9:18  Missile Turret, Liberator x2  
  102  9:26  SCV  
  102  9:28  Orbital Command  
  103  9:33  Marine x3  
  103  9:34  Marauder, Marine  
  103  9:36  Missile Turret  
  112  9:38  SCV  
  113  9:51  Marine x3  
  100  10:11  Marine, Marauder  
  100  10:12  Marine x3  
  105  10:16  SCV  
  105  10:20  Refinery x2  
  106  10:28  Combat Shields, SCV  
  101  10:29  Marine x2  
  101  10:30  Marine x2  
  101  10:32  Marauder  
  104  10:40  SCV  
  103  10:47  Marine x2  
  103  10:48  Marine x2  
  107  10:52  SCV  
  107  10:54  Marauder  
  104  11:03  Barracks  
  102  11:05  SCV, Marine x2  
  102  11:06  Barracks, Marine x2  
  102  11:08  Bunker  
  102  11:11  Medivac x2  
  111  11:15  Marauder  
  111  11:17  SCV, Barracks  
  111  11:18  Terran Infantry Weapons Level 2  
  114  11:19  Barracks  
  114  11:23  Marine x3  
  114  11:24  Marine  
  118  11:25  Engineering Bay, Terran Vehicle Weapons Level 1  
  118  11:41  Medivac x2, Marine x4  
  126  11:48  Marauder  
  128  11:58  Marine  
  128  11:59  Marine x3  
  128  12:00  Command Center  
  132  12:01  Barracks Tech Lab  
  132  12:02  Barracks Reactor  
  132  12:03  Barracks Tech Lab  
  132  12:05  Barracks Tech Lab  
  132  12:09  Marauder  
  133  12:21  Supply Depot, Terran Infantry Armor Level 2  
  133  12:23  Barracks Tech Lab, Marine  
  133  12:24  Supply Depot  
  133  12:33  Marine  
  133  12:39  Marine  
  133  12:40  Medivac  
  133  12:42  Medivac  
  133  12:43  Marauder  
  127  12:45  Marauder x2  
  127  12:46  Concussive Shells, Marauder x2  
  127  12:48  Marine  
  127  12:49  Marine  
  127  12:50  Marine  
  127  12:56  Command Center, Marine  
  127  12:57  Barracks x2  
  124  13:04  Marauder  
  126  13:06  Marine x2  
  126  13:07  Marauder x4  
  126  13:08  Supply Depot, Marine  
  126  13:10  Medivac  
  126  13:12  Medivac  
  141  13:24  Marine  
  141  13:26  Marine x2  
  141  13:27  Marine  
  143  13:29  Marauder  
  145  13:42  Marine  
  145  13:44  Marine x2  
  127  13:53  Marine  
  109  14:00  Missile Turret, Marine  
  109  14:01  Missile Turret x3  
  109  14:02  Marine x2  
  110  14:11  Marine  
  106  14:17  SCV  
  106  14:18  Missile Turret x3  
  106  14:19  Missile Turret  
  106  14:20  Missile Turret, Marine  
  105  14:24  Marauder x2  
  105  14:25  Marine x2, Marauder  
  105  14:26  Marauder  
  105  14:29  Marine  
  112  14:36  Command Center  
  112  14:37  Marine  
  86  14:46  Marine, Marauder  
  82  14:55  Marine  
  50  15:29  Factory  
  50  15:32  Factory  
  46  15:48  Missile Turret  
  39  15:50  Missile Turret  
  39  15:51  Missile Turret  
  39  15:52  Missile Turret  
  32  15:57  Missile Turret  
  32  15:58  Missile Turret  
  32  15:59  Missile Turret  
  32  16:00  Missile Turret  
  26  16:15  Orbital Command  
  26  16:20  Factory Reactor  
  20  16:28  Factory Reactor  
  15  16:58  Missile Turret  
  15  17:00  Missile Turret  
Tags
 
Add a new tag
Caveats
  • Supply blocks, unpowered buildings, or Contaminate may cause inaccurate times.
  • Supply counts are checked every 10 seconds.